[Event "*** Titled Tuesday Blitz"]
[Site "Chess.com"]
[Date "2018.11.06"]
[Round "5"]
[White "AttackSparrow"]
[Black "abubakrtagelsir"]
[Result "0-1"]
[WhiteElo "2189"]
[BlackElo "2368"]
[TimeControl "180+2"]
[EndTime "14:04:00 PST"]
[Termination "abubakrtagelsir won by resignation"]

1. d4 d5 2. c4 c6 3. Nf3 Nf6 4. g3 h6 5. Bg2 Bf5 6. O-O e6 7. b3 Be7 8. Bb2 O-O 9. Nc3 Nbd7 10. Re1 Ne4 11. Nxe4 Bxe4 12. Qd2 a5 13. a3 Qb6 14. Qc3 Nf6 15. Rac1 Rfd8 16. Nd2 Bxg2 17. Kxg2 Rd7 18. f3 Rad8 19. e4 dxe4 20. Nxe4 Rxd4 21. Qe3 Rd2+ 22. Nxd2 Qxe3 23. Rxe3 Rxd2+ 24. Kh3 Rxb2 25. Rd1 Bxa3 26. Rd8+ Kh7 27. Rb8 Bc5 28. Rd3 b6 29. Rb7 Bg1 30. g4 Kg6 31. Kg3 Bxh2+ 32. Kh3 Bf4 0-1

[Event "*** Titled Tuesday Blitz"]
[Site "Chess.com"]
[Date "2018.11.06"]
[Round "5"]
[White "Manukyan_Artak"]
[Black "mitrabhaa"]
[Result "0-1"]
[WhiteElo "2422"]
[BlackElo "2615"]
[TimeControl "180+2"]
[EndTime "14:04:09 PST"]
[Termination "mitrabhaa won by checkmate"]

1. e4 c6 2. d4 d5 3. e5 Bf5 4. c4 e6 5. Nc3 Nd7 6. Nf3 Ne7 7. Nh4 dxc4 8. Bxc4 Nb6 9. Bb3 Qd7 10.
O-O O-O-O 11. Be3 Bg6 12. Qe2 Nf5 13. Nxf5 Bxf5 14. Rfd1 f6 15. Bf4 Nd5 16. Nxd5 exd5 17. exf6 gxf6 18. Qd2 Bd6 19. Rac1 Bxf4 20. Qxf4 Rhg8 21.
g3 Rg4 22. Qh6 Rg6 23. Qf4 Rdg8 24. Rc5 Rg4 25. Qh6 Be4 26. Qxf6 R4g6 27. Qh4 Qf5 28.
Re1 Rf8 29. f4 Rg4 30. Qh6 Rf6 31. Qh3 Qxf4 32. Rc2 Qf3 33. Rxe4 Qd1+ 34. Kg2 Qf1# 0-1

[Event "*** Titled Tuesday Blitz"]
[Site "Chess.com"]
[Date "2018.11.06"]
[Round "5"]
[White "PaulfromSPb"]
[Black "GukeshDommaraju"]
[Result "0-1"]
[WhiteElo "2520"]
[BlackElo "2673"]
[TimeControl "180+2"]
[EndTime "14:04:11 PST"]
[Termination "GukeshDommaraju won by resignation"]

1. e4 c6 2. d4 d5 3. Nd2 dxe4 4.
Nxe4 Nf6 5. Nxf6+ exf6 6. c3 Bd6 7. Bd3 O-O 8. Qc2 Re8+ 9. Ne2 f5 10. O-O g6 11.
Ng3 Nd7 12. Bd2 Nf6 13. Rfe1 Be6 14. b3 Ng4 15. Be2 Qh4 16. Bxg4 Qxg4 17. h3 Qh4 18.
Nf1 Bd5 19. f3 c5 20. Be3 cxd4 21. Bxd4 Rxe1 22. Bf2 Rxf1+ 23. Kxf1 Qf6 24. Rd1 Bc6 25. Bd4 Be5 26. Bf2 Bxc3 27. f4 Be4 28. Qe2 Rd8 29. Rc1 Bd3 0-1

[Event "*** Titled Tuesday Blitz"]
[Site "Chess.com"]
[Date "2018.11.06"]
[Round "5"]
[White "olksuna"]
[Black "EvgenyT"]
[Result "1/2-1/2"]
[WhiteElo "2565"]
[BlackElo "2933"]
[TimeControl "180+2"]
[EndTime "14:04:14 PST"]
[Termination "Game drawn by repetition"]

1. c4 e5 2. g3 Nc6 3. Bg2 f5 4. Nc3 Nf6 5. e3 g6 6. Nge2 Bg7 7. O-O O-O 8. d3 d6 9. Rb1 a5 10. a3 Be6 11. Nd5 Bf7 12. Nec3 Kh8 13. b4 axb4 14.
axb4 Nxd5 15. Nxd5 Qd7 16. Bb2 Nd8 17. f4 Ne6 18. Qd2 Bg8 19. Bc3 Rae8 20. b5 c6 21. bxc6 bxc6 22. Nb4 Rc8 23. Qb2 Qa7 24. Rfe1 Qc5 25.
Na6 Qa7 26. Nb4 Qc5 27. Na6 Qa7 28. Nb4 Qc5 1/2-1/2

[Event "*** Titled Tuesday Blitz"]
[Site "Chess.com"]
[Date "2018.11.06"]
[Round "5"]
[White "savinspm"]
[Black "Karina_Oparina"]
[Result "0-1"]
[WhiteElo "2072"]
[BlackElo "2190"]
[TimeControl "180+2"]
[EndTime "14:04:14 PST"]
[Termination "Karina_Oparina won by resignation"]

1. e4 c6 2. d4 d5 3. e5 Bf5 4. Bd3 Bxd3 5. Qxd3 e6 6. f4 Ne7 7. Nf3 Nd7 8. c3 Qc7 9. Be3 c5 10. O-O Nc6 11. a3 c4 12. Qc2 g6 13. Nbd2 Be7 14.
Kh1 O-O-O 15. b3 b5 16. bxc4 bxc4 17. Rfb1 Nb6 18. a4 Kd7 19. a5 Na8 20. Qa4 Rb8 21.
Rxb8 Rxb8 22. Ng5 Bxg5 23. fxg5 Ke8 24. Nb1 a6 25. Na3 Rb3 26. Bd2 Qb7 27. h3 Nc7 28. Nc2 Qb5 29. Qxb5 Nxb5 30. Kh2 Rb2 31. Rc1 Nxa5 32.
Be1 Nb3 0-1

[Event "*** Titled Tuesday Blitz"]
[Site "Chess.com"]
[Date "2018.11.06"]
[Round "5"]
[White "dragosceres"]
[Black "Mbneu"]
[Result "1-0"]
[WhiteElo "2410"]
[BlackElo "2278"]
[TimeControl "180+2"]
[EndTime "14:04:16 PST"]
[Termination "dragosceres won by resignation"]

1. e4 e5 2. Nf3 Nc6 3. Bc4 Nf6 4. d3 Bc5 5. O-O d6 6. c3 Bg4 7. Nbd2 Qd7 8. Re1 a6 9. Nf1 h6 10. Ng3 O-O-O 11. h3 Bh5 12. Nxh5 Nxh5 13. b4 Bb6 14. a4 Nf4 15. Bxf4 exf4 16. b5 axb5 17.
axb5 Na7 18. Ra4 g5 19. Qa1 g4 20. Rxa7 Bxa7 21. Qxa7 Qe7 22. hxg4 Rhg8 23. Qa8+ Kd7 24. Qxb7 Ke8 25. e5 Kf8 26. exd6 Qxd6 27. Qe4 Rxg4 28. Qh7 Qg6 29. Qh8+ Qg8 30. Qxh6+ Qg7 31. Qxg7+ Rxg7 32. Re4 Rd6 33. Rxf4 Rdg6 34. g3 Rh6 35. Ne5 Rhh7 36. Nxf7 1-0

[Event "*** Titled Tuesday Blitz"]
[Site "Chess.com"]
[Date "2018.11.06"]
[Round "5"]
[White "ShadyH9"]
[Black "Boorchess"]
[Result "0-1"]
[WhiteElo "2282"]
[BlackElo "2437"]
[TimeControl "180+2"]
[EndTime "14:04:17 PST"]
[Termination "Boorchess won by resignation"]

1. d4 Nf6 2. c4 g6 3. Nc3 Bg7 4. e4 O-O 5. Nf3 d6 6. Be2 e5 7. O-O Nc6 8. d5 Ne7 9. b4 Nh5 10. g3 h6 11. Nh4 Nf6 12. Be3 Bh3 13. Ng2 Qd7 14. c5 Ng4 15. Bxg4 Bxg4 16. f3 Bh3 17. Qd2 a5 18. bxa5 Kh7 19. cxd6 cxd6 20. a4 Rxa5 21.
Nb5 Ra6 22. Rfc1 Rfa8 23. Qb4 f5 24. Rc7 Qd8 25. Rxb7 fxe4 26. fxe4 Ng8 27. Nc7 Qf8 28. Rf1 Rxa4 29. Qb6 Ra1 30. Qb5 Qf3 31. Nh4 0-1

[Event "*** Titled Tuesday Blitz"]
[Site "Chess.com"]
[Date "2018.11.06"]
[Round "5"]
[White "Polish_fighter3000"]
[Black "AsaHoffmann"]
[Result "1-0"]
[WhiteElo "2971"]
[BlackElo "2062"]
[TimeControl "180+2"]
[EndTime "14:04:18 PST"]
[Termination "Polish_fighter3000 won by resignation"]

1. d4 Nf6 2. Bf4 d6 3. e3 b6 4. Nf3 Bb7 5. h3 Nbd7 6. Be2 c5 7. O-O g6 8. a4 a6 9. c4 Bg7 10. a5 bxa5 11. Nc3 O-O 12. d5 Rb8 13. e4 Ne8 14.
Qc2 Bc8 15. Ra2 Qb6 16. Rfa1 Qb3 17. Qc1 Bxc3 18. bxc3 f5 19. e5 dxe5 20. Nxe5 Nxe5 21. Bxe5 Nd6 22. Rxa5 Qb2 23. Qh6 Rf7 24. R5a2 Qb6 25. h4 Qd8 26. h5 Qf8 27. Qg5 Ne4 28. Qe3 Rb6 29. Bf3 Nd6 30. Qxc5 Qd8 31. Qd4 g5 32. c5 Nb5 33. Qd2 Rbf6 34. Qxg5+ Kh8 35. c4 Rg7 36. Bxf6 exf6 37. Qe3 1-0

[Event "*** Titled Tuesday Blitz"]
[Site "Chess.com"]
[Date "2018.11.06"]
[Round "5"]
[White "DanielNaroditsky"]
[Black "burbur555"]
[Result "1-0"]
[WhiteElo "2966"]
[BlackElo "2543"]
[TimeControl "180+2"]
[EndTime "14:04:20 PST"]
[Termination "DanielNaroditsky won by resignation"]

1. d4 d5 2. c4 c6 3. Nf3 Nf6 4. Nc3 a6 5. g3 b5 6. b3 Bf5 7. Bg2 e6 8. O-O h6 9. Ne5 Be7 10. Bf4 O-O 11. Qd2 Ra7 12. Rfc1 Rb7 13. a4 bxc4 14.
bxc4 Bb4 15. Qd1 a5 16. cxd5 cxd5 17. Nb5 Nfd7 18. Nc6 Nxc6 19. Rxc6 Qe7 20. Rac1 g5 21. Bd6 Bxd6 22. Nxd6 Rb4 23. Nxf5 exf5 24. Bxd5 Nb6 25. Bb3 Kg7 26. e3 Rd8 27. R1c5 f4 28. Qh5 Rh8 29. Rc7 Nd7 30. Re5 1-0

[Event "*** Titled Tuesday Blitz"]
[Site "Chess.com"]
[Date "2018.11.06"]
[Round "5"]
[White "HaryKane"]
[Black "MFBerna"]
[Result "0-1"]
[WhiteElo "2559"]
[BlackElo "2372"]
[TimeControl "180+2"]
[EndTime "14:04:20 PST"]
[Termination "MFBerna won by resignation"]

1. e4 c6 2. d4 d5 3. Nc3 dxe4 4. Nxe4 Nf6 5. Nxf6+ exf6 6. Be3 Bd6 7. c3 O-O 8. Bd3 Re8 9. Qc2 h6 10. Ne2 Qc7 11.
O-O-O b5 12. Kb1 Nd7 13. g4 Nb6 14. g5 fxg5 15. h4 g4 16. Rhg1 Nc4 17. Bxc4 bxc4 18. Qd2 Bf5+ 19. Ka1 Rab8 20. Nf4 Rb5 21. d5 Qa5 22. b3 cxb3 23. Qb2 Ba3 0-1

[Event "*** Titled Tuesday Blitz"]
[Site "Chess.com"]
[Date "2018.11.06"]
[Round "5"]
[White "Godzillator"]
[Black "ahachess"]
[Result "0-1"]
[WhiteElo "2370"]
[BlackElo "2383"]
[TimeControl "180+2"]
[EndTime "14:04:24 PST"]
[Termination "ahachess won by resignation"]

1. d4 Nf6 2. c4 g6 3. Nc3 Bg7 4. e4 d6 5. Be2 O-O 6. Bg5 h6 7. Be3 e5 8. d5 Nbd7 9. f3 a5 10.
Qd2 Kh7 11. Bd1 Nc5 12. Bc2 b6 13. g4 Bd7 14. Nge2 Qe7 15. h4 Ne8 16. h5 g5 17. Ng3 Nf6 18. Nf5 Bxf5 19. exf5 e4 20. fxe4 Ncxe4 21. Nxe4 Nxe4 22. Qg2 Rae8 23. f6 Bxf6 24. O-O Kg7 25. Rxf6 Qxf6 26. Bxe4 Qe5 27. Qd2 Qxe4 28. Qd4+ f6 29. Re1 Qxd4 0-1

[Event "*** Titled Tuesday Blitz"]
[Site "Chess.com"]
[Date "2018.11.06"]
[Round "5"]
[White "GhostOfGreenval"]
[Black "Vamostodorecto"]
[Result "1-0"]
[WhiteElo "2700"]
[BlackElo "2439"]
[TimeControl "180+2"]
[EndTime "14:04:26 PST"]
[Termination "GhostOfGreenval won by resignation"]

1. Nf3 d5 2. g3 Nc6 3. Bg2 Bg4 4. c4 e6 5. cxd5 exd5 6. d4 Qd7 7. h3 Bh5 8. Nc3 Bb4 9. O-O Bxf3 10. Bxf3 Bxc3 11. bxc3 Qxh3 12. Bxd5 Nge7 13. Bg2 Qd7 14. d5 Ne5 15. Qd4 f6 16. Rb1 Nf5 17. Qe4 Nd6 18. Qc2 O-O-O 19. Bf4 h5 20. Bxe5 fxe5 21. c4 Nf5 22. Bh3 g6 23. e4 h4 24. exf5 hxg3 25. Kg2 Rxh3 26. Kxh3 gxf5 27. fxg3 Rg8 28. Qxf5 1-0

[Event "*** Titled Tuesday Blitz"]
[Site "Chess.com"]
[Date "2018.11.06"]
[Round "5"]
[White "Peroncio"]
[Black "NemtsevIgor"]
[Result "1-0"]
[WhiteElo "2631"]
[BlackElo "2381"]
[TimeControl "180+2"]
[EndTime "14:04:29 PST"]
[Termination "Peroncio won on time"]

1. e4 c6 2. d4 d5 3. e5 c5 4.
dxc5 Nc6 5. Nf3 Bg4 6. c3 Bxf3 7. Qxf3 e6 8. b4 Nxe5 9. Bb5+ Nc6 10. O-O Nf6 11.
c4 Be7 12. Nc3 O-O 13. cxd5 Nd4 14. Qd3 Nxb5 15. Qxb5 Nxd5 16. Nxd5 Qxd5 17. Be3 Rfd8 18. Qa4 a5 19. bxa5 Bxc5 20. Rad1 Qf5 21. g4 Qe5 22. Bf4 1-0

[Event "*** Titled Tuesday Blitz"]
[Site "Chess.com"]
[Date "2018.11.06"]
[Round "5"]
[White "BjarkeSahl"]
[Black "JeremDev"]
[Result "0-1"]
[WhiteElo "2164"]
[BlackElo "2301"]
[TimeControl "180+2"]
[EndTime "14:04:33 PST"]
[Termination "JeremDev won by resignation"]

1. e4 c5 2. Nf3 d6 3. d4 cxd4 4. Nxd4 Nf6 5. Nc3 g6 6. Bc4 Bg7 7. O-O O-O 8. Re1 Nc6 9. h3 Bd7 10. a3 Rc8 11. Ba2 a6 12. Be3 b5 13. Qe2 Ne5 14.
Rad1 Rxc3 15. bxc3 Qa5 16. Bc1 Qxc3 17. f4 Nc6 18. Nb3 Nh5 19. Rd3 Nd4 20. Qd1 Qxc2 21. Rxd4 Bxd4+ 22. Qxd4 Qxa2 23. Bb2 f6 24. Nc1 Qc4 25.
Qxc4+ bxc4 26. Ne2 Rb8 27. Bc3 Rb3 28. Rc1 0-1

[Event "*** Titled Tuesday Blitz"]
[Site "Chess.com"]
[Date "2018.11.06"]
[Round "5"]
[White "FearNoEvil12"]
[Black "Blagorod"]
[Result "1-0"]
[WhiteElo "1967"]
[BlackElo "2079"]
[TimeControl "180+2"]
[EndTime "14:04:41 PST"]
[Termination "FearNoEvil12 won by resignation"]

1. e4 e5 2. d4 exd4 3. Bc4 Nc6 4. Nf3 d6 5. Nxd4 Nxd4 6. Qxd4 Qf6 7. Qd3 Be6 8. Nc3 O-O-O 9. Be3 Kb8 10. Nb5 a6 11. Ba7+ Kc8 12. Bd4 Qe7 13. Na7+ Kb8 14. Bxa6 Bd7 15.
O-O-O c5 16. Qb3 Be8 17. Bxc5 Qc7 18. Bb6 Qd7 19. Bb5 Qg4 20. Bxd8 Bxb5 21. Nxb5 1-0

[Event "*** Titled Tuesday Blitz"]
[Site "Chess.com"]
[Date "2018.11.06"]
[Round "5"]
[White "biostatistician"]
[Black "Jospem"]
[Result "0-1"]
[WhiteElo "2651"]
[BlackElo "2810"]
[TimeControl "180+2"]
[EndTime "14:04:47 PST"]
[Termination "Jospem won by resignation"]

1. d4 Nf6 2. Nf3 e6 3. c4 b6 4.
Nc3 Bb7 5. Bg5 Bb4 6. Nd2 h6 7. Bh4 O-O 8. a3 Be7 9. f3 d5 10. e3 Nbd7 11. Be2 c5 12. O-O cxd4 13. exd4 dxc4 14.
Nxc4 Nd5 15. Bf2 Nxc3 16. bxc3 Rc8 17. Qd2 Qc7 18. Rfc1 Bg5 19. Be3 Bxe3+ 20. Nxe3 Rfd8 21. a4 Nf6 22. a5 e5 23. axb6 axb6 24. Nf5 Qd7 25.
Bd3 e4 26. fxe4 Bxe4 27. Bxe4 Nxe4 28. Qf4 Nxc3 29. Qg4 g6 30. Nxh6+ Kg7 31. Re1 Kxh6 32. Qf3 Kg7 33. Kh1 Nd5 34. Rf1 Rc6 35. Rae1 Rf6 36.
Qg3 Re8 37. Rxf6 Rxe1+ 38. Qxe1 Nxf6 39. Qe5 Qd5 0-1

[Event "*** Titled Tuesday Blitz"]
[Site "Chess.com"]
[Date "2018.11.06"]
[Round "5"]
[White "MITerryble"]
[Black "chessdjw"]
[Result "1-0"]
[WhiteElo "2761"]
[BlackElo "2595"]
[TimeControl "180+2"]
[EndTime "14:04:48 PST"]
[Termination "MITerryble won by checkmate"]

1. d4 Nf6 2. Bg5 e6 3. e4 h6 4. Bxf6 Qxf6 5. c3 d6 6. Bd3 Nd7 7. Ne2 g6 8. O-O Bg7 9. f4 c5 10. Nd2 cxd4 11. cxd4 d5 12. e5 Qe7 13. Rc1 O-O 14. Rc7 Qd8 15. Qc2 Nb8 16. Rc3 Nc6 17. a3 Bd7 18. Nb3 Qb6 19. Nc5 Bc8 20. b4 a6 21. Kh1 Rd8 22. g4 Ne7 23. Ng3 Bd7 24. f5 exf5 25. gxf5 Bxf5 26. Bxf5 Nxf5 27. Nxf5 gxf5 28.
Rg3 Kh8 29. Qxf5 Rg8 30. Rfg1 Qc7 31. Nd7 Qc4 32. Nf6 Qxd4 33. Qh7# 1-0

[Event "*** Titled Tuesday Blitz"]
[Site "Chess.com"]
[Date "2018.11.06"]
[Round "5"]
[White "SimonKnightRivendell"]
[Black "colegiodemadrid"]
[Result "0-1"]
[WhiteElo "1966"]
[BlackElo "2215"]
[TimeControl "180+2"]
[EndTime "14:04:48 PST"]
[Termination "colegiodemadrid won by resignation"]

1. d4 Nf6 2. c4 c5 3. d5 b5 4. cxb5 a6 5. bxa6 g6 6. Nc3 Bg7 7. e4 O-O 8. Nf3 Qa5 9. Bd3 Nxd5 10. exd5 Bxc3+ 11. Bd2 Bxd2+ 12. Qxd2 Qxd2+ 13. Nxd2 Bxa6 14. Bxa6 Nxa6 15. O-O-O Nb4 16. a3 Nd3+ 17. Kb1 Nxf2 18. Nc4 Nxh1 19. Rxh1 d6 20. Re1 Ra7 21. Kc2 Kg7 22.
b3 Rb8 23. Re3 h6 24. Rf3 Rd8 25. Re3 Ra6 26. Kb2 Re8 27. Kc2 e5 28. g4 f5 29.
gxf5 gxf5 30. Rg3+ Kf6 31. Rh3 Rh8 32. Kb2 h5 33.
Rg3 h4 34. Rg2 f4 35. Nd2 Kf5 36. Rg7 Rh6 37. h3 e4 38. Rf7+ Rf6 39. Rh7 e3 40. Nf3 Ke4 41. Nxh4 f3 42. Kc3 f2 43. Re7+ Kxd5 44.
Ng2 Rf3 0-1

[Event "*** Titled Tuesday Blitz"]
[Site "Chess.com"]
[Date "2018.11.06"]
[Round "5"]
[White "AkibaRubi"]
[Black "norwaytoadog"]
[Result "0-1"]
[WhiteElo "2485"]
[BlackElo "2157"]
[TimeControl "180+2"]
[EndTime "14:05:01 PST"]
[Termination "norwaytoadog won on time"]

1. d4 Nf6 2. c4 e6 3. Nc3 Bb4 4. e3 c5 5. Nf3 O-O 6. Be2 Bxc3+ 7. bxc3 d6 8. O-O Nc6 9. d5 exd5 10. cxd5 Ne7 11. c4 Ng6 12. Bb2 Ne4 13. Bd3 f5 14. Nd2 Qe7 15. Nxe4 fxe4 16. Bc2 Bf5 17. f3 Rae8 18.
fxe4 Bxe4 19. Rxf8+ Rxf8 20. Bxe4 Qxe4 21. Qb3 Nh4 0-1

[Event "*** Titled Tuesday Blitz"]
[Site "Chess.com"]
[Date "2018.11.06"]
[Round "5"]
[White "JosefineHeinemann"]
[Black "Jenia84"]
[Result "0-1"]
[WhiteElo "2325"]
[BlackElo "2240"]
[TimeControl "180+2"]
[EndTime "14:05:03 PST"]
[Termination "Jenia84 won by resignation"]

1. e4 c5 2. Nf3 Nc6 3. d4 cxd4 4. Nxd4 e5 5. Nb5 d6 6. N1c3 a6 7. Na3 Be7 8. Nc4 b5 9. Ne3 Nf6 10. g3 Be6 11. Bg2 O-O 12. O-O b4 13. Ncd5 Bxd5 14.
Nxd5 Nxd5 15. Qxd5 Nd4 16. c3 bxc3 17. bxc3 Ne2+ 18.
Kh1 Nxc3 19. Qd3 Nb5 20. Bb2 Rb8 21. a4 Nc7 22. Ba3 Qd7 23. Rfd1 Rfd8 24. Qc4 Ne6 25.
Qxa6 Ra8 26. Qd3 Rxa4 27. Bb2 Nc5 28. Qc2 Rxa1 29. Bxa1 h6 30. Bxe5 Qa4 31. Qxa4 Nxa4 32.
Ba1 Rc8 33. Kg1 Rc2 34. Bf1 Nc5 35. h4 Nxe4 36. Bd3 Rd2 37. Rxd2 Nxd2 38. Kg2 Nb3 39. Bc3 Nc5 40. Bc4 Kf8 41. Bd5 Nd7 42. Bd4 Bf6 43.
Be3 Ke7 44. f4 Nc5 45. Bxc5 dxc5 46. Kf3 Bd4 47. g4 f6 48. h5 Kd6 49. Ke4 Bf2 50. Bc4 Bg3 51. Kf5 Bh2 52. Kg6 Bxf4 53. Kxg7 Bg5 54. Kg6 Ke5 55. Ba2 Kd4 56. Kf5 c4 57.
Ke6 c3 58. Bb1 Ke3 59. Kd5 Kd2 60. Kc4 c2 61. Bxc2 Kxc2 62. Kd4 Kd2 63. Ke4 Ke2 64. Kd4 Kf3 0-1

[Event "*** Titled Tuesday Blitz"]
[Site "Chess.com"]
[Date "2018.11.06"]
[Round "5"]
[White "tteshan"]
[Black "Shivagami"]
[Result "0-1"]
[WhiteElo "2126"]
[BlackElo "2036"]
[TimeControl "180+2"]
[EndTime "14:05:06 PST"]
[Termination "Shivagami won by resignation"]

1. e4 Nc6 2. d4 e5 3. d5 Nce7 4. c4 Ng6 5. Nc3 Nf6 6. Nf3 Bc5 7. Bd3 d6 8. O-O O-O 9. Bg5 h6 10. Bd2 a6 11. a3 Nh5 12. b4 Ba7 13. Ne2 c6 14. dxc6 bxc6 15. Bc2 Bg4 16. Ng3 Nh4 17.
Ba4 Rc8 18. Qb3 Bxf3 19. gxf3 Nf4 20. Rad1 Qf6 21. Kh1 Nh3 22. Be1 Nxf3 23. Kg2 Nfg5 24. Nf5 Nf4+ 25. Kg1 Nxe4 26. Ng3 Ng5 27. c5 dxc5 28.
Qe3 Qe7 29. Nf5 Qe6 30. Nd6 Qg4+ 31. Qg3 Ne2+ 0-1

[Event "*** Titled Tuesday Blitz"]
[Site "Chess.com"]
[Date "2018.11.06"]
[Round "5"]
[White "JSMastropiero"]
[Black "Saitama_Hero"]
[Result "1-0"]
[WhiteElo "2307"]
[BlackElo "2334"]
[TimeControl "180+2"]
[EndTime "14:05:07 PST"]
[Termination "JSMastropiero won by resignation"]

1. Nf3 Nf6 2. c4 e6 3. Nc3 Bb4 4. g4 h6 5. Rg1 d5 6. Qa4+ Nc6 7. Ne5 Bxc3 8. dxc3 Bd7 9. Nxd7 Qxd7 10. cxd5 Qxd5 11. Bg2 Qd6 12. Bf4 e5 13. Rd1 Qe6 14. Bxe5 Qxe5 15. Bxc6+ Kf8 16. Bxb7 Re8 17. Bf3 Qxh2 18. Rh1 Qe5 19.
Qxa7 g6 20. Qd4 Qg5 21. b4 Kg7 22. a4 Rd8 23. Qe3 Rxd1+ 24. Kxd1 Rd8+ 25. Kc2 Qxe3 26. fxe3 Re8 27. a5 Nd7 28. Bc6 1-0

[Event "*** Titled Tuesday Blitz"]
[Site "Chess.com"]
[Date "2018.11.06"]
[Round "5"]
[White "Maikrosoft63"]
[Black "pulvettd"]
[Result "0-1"]
[WhiteElo "2527"]
[BlackElo "2522"]
[TimeControl "180+2"]
[EndTime "14:05:10 PST"]
[Termination "pulvettd won by resignation"]

1. e4 c5 2. Nf3 d6 3. d4 cxd4 4. Nxd4 Nf6 5. Nc3 a6 6. Be3 e5 7.
Nb3 Be6 8. Qd2 Nbd7 9. O-O-O Rc8 10. f4 b5 11. f5 Bc4 12. Kb1 b4 13. Nd5 Nxe4 14.
Qxb4 Bxd5 15. Rxd5 Nef6 16. Ra5 Qc7 17. Bxa6 Qxc2+ 18. Ka1 Rb8 19. Qa4 Be7 20. Rc1 Qxg2 21. Bb5 O-O 22.
Bxd7 d5 23. Bc5 Bxc5 24. Raxc5 Ra8 25. Ra5 Rxa5 26. Nxa5 Qxh2 27. a3 e4 28. Rc8 Rxc8 29. Bxc8 h5 30. Qd4 Qc7 31. Qc3 Qxc3 32. bxc3 h4 33.
Ba6 h3 34. Bf1 h2 35. Bg2 e3 0-1

[Event "*** Titled Tuesday Blitz"]
[Site "Chess.com"]
[Date "2018.11.06"]
[Round "5"]
[White "novocane"]
[Black "gemarin"]
[Result "0-1"]
[WhiteElo "2151"]
[BlackElo "2072"]
[TimeControl "180+2"]
[EndTime "14:05:12 PST"]
[Termination "gemarin won by checkmate"]

1. d4 d5 2. c4 c6 3. cxd5 cxd5 4. Bf4 Nc6 5. e3 Nf6 6. Nc3 e6 7. Bd3 Bd6 8. Bxd6 Qxd6 9. f4 O-O 10. Nf3 a6 11. O-O b5 12. Rc1 Na5 13. Ne5 Bd7 14. Rf3 g6 15. Rh3 Rfc8 16. Qe1 Be8 17. Qh4 Qd8 18. Rf1 Nc4 19. Nd1 Nd2 20. Re1 Nh5 21.
Qf2 Ne4 22. Bxe4 dxe4 23. g4 f6 24. gxh5 fxe5 25. hxg6 Bxg6 26. fxe5 Qd5 27. Nc3 Qd7 28. Qh4 b4 29. Nxe4 Bxe4 30. Qxe4 Kh8 31. Kh1 Rg8 32. Rg1 Rxg1+ 33. Kxg1 Rg8+ 34. Rg3 Rf8 35. Qg4 Qf7 36. Kg2 Qf1# 0-1

[Event "*** Titled Tuesday Blitz"]
[Site "Chess.com"]
[Date "2018.11.06"]
[Round "5"]
[White "Alexander_Donchenko"]
[Black "ViktorMatviishen"]
[Result "0-1"]
[WhiteElo "2715"]
[BlackElo "2462"]
[TimeControl "180+2"]
[EndTime "14:05:16 PST"]
[Termination "ViktorMatviishen won by resignation"]

1. Nf3 Nf6 2. g3 d5 3. Bg2 Bg4 4. c4 c6 5. Ne5 Bc8 6. cxd5 cxd5 7. Nc3 e6 8. O-O Be7 9. d4 O-O 10. Bf4 a6 11. Rc1 Nbd7 12. Nd3 Nb6 13. Qb3 Bd7 14. Nc5 Bc6 15. a4 Nc4 16. Nxb7 Bxb7 17. Qxb7 Bd6 18. Bxd6 Qxd6 19. Qb3 Nd2 20. Qc2 Nxf1 21.
Kxf1 Rab8 22. e3 Rfc8 23. Qe2 Qb6 24. Rc2 Ne8 25. Kg1 Nd6 26. Bf1 Nc4 27. Nd1 Qb3 28.
a5 Qb4 29. h4 Qxa5 30. Qh5 g6 31. Qg5 Qe1 32. h5 Qxd1 33. h6 Qf3 34. Bd3 f6 35. Qh4 Qd1+ 36. Kh2 Qxd3 37. Qxf6 Rc7 38. Qxe6+ Rf7 39.
Rc3 Qf5 0-1

[Event "*** Titled Tuesday Blitz"]
[Site "Chess.com"]
[Date "2018.11.06"]
[Round "5"]
[White "Lagmantr"]
[Black "Pilopa"]
[Result "0-1"]
[WhiteElo "2512"]
[BlackElo "2407"]
[TimeControl "180+2"]
[EndTime "14:05:17 PST"]
[Termination "Pilopa won by resignation"]

1. e4 Nc6 2. Nc3 Nf6 3. d4 d5 4. e5 Nd7 5. Nf3 Nb6 6. Be3 Bf5 7. Bd3 Bxd3 8. cxd3 e6 9. O-O Be7 10. Nd2 O-O 11.
f4 f5 12. exf6 Bxf6 13. Nf3 Nd7 14. Qd2 Ne7 15. Rae1 b6 16. Bf2 c5 17. Rxe6 Nf5 18.
Nxd5 Nxd4 19. Nxf6+ Rxf6 20. Nxd4 cxd4 21. Rxf6 Qxf6 22.
Qb4 Nc5 23. Bxd4 Qd6 24. Bxc5 bxc5 25. Qc4+ Kh8 26. Rc1 Re8 27. Qxc5 Qxd3 28. Qc6 Qe3+ 29. Kf1 Qe2+ 30. Kg1 Qe3+ 31. Kf1 Qxf4+ 32. Kg1 Qe3+ 33. Kf1 Rf8+ 0-1

[Event "*** Titled Tuesday Blitz"]
[Site "Chess.com"]
[Date "2018.11.06"]
[Round "5"]
[White "ohusbands"]
[Black "GianmarcoVaR"]
[Result "0-1"]
[WhiteElo "2521"]
[BlackElo "2530"]
[TimeControl "180+2"]
[EndTime "14:05:23 PST"]
[Termination "GianmarcoVaR won on time"]

1. e4 g6 2. d4 Bg7 3. Nc3 d6 4.
Be3 a6 5. Qd2 b5 6. Bd3 Bb7 7.
Nf3 Nd7 8. O-O c5 9. dxc5 Nxc5 10. Rfe1 Nf6 11. Bd4 Rc8 12. Rad1 O-O 13. Qe3 e5 14. Bxc5 Rxc5 15. a3 Re8 16. Bf1 Qc7 17. Nd2 d5 18.
exd5 Nxd5 19. Nxd5 Rxd5 20. c4 bxc4 21. Nxc4 Red8 22.
Rc1 Qe7 0-1

[Event "*** Titled Tuesday Blitz"]
[Site "Chess.com"]
[Date "2018.11.06"]
[Round "5"]
[White "Slovak_fighter2000"]
[Black "nitpicker"]
[Result "1-0"]
[WhiteElo "2291"]
[BlackElo "2182"]
[TimeControl "180+2"]
[EndTime "14:05:33 PST"]
[Termination "Slovak_fighter2000 won on time"]

1. d4 Nf6 2. c4 e6 3. Nc3 Bb4 4. e3 c5 5. Nf3 O-O 6. Bd3 d5 7. O-O cxd4 8. exd4 dxc4 9. Bxc4 b6 10. Bg5 Bxc3 11.
bxc3 Bb7 12. Ne5 Qc7 13. Bd3 Nbd7 14. Nxd7 Nxd7 15. Qh5 f5 16. Rac1 Qc6 17. f3 e5 18.
Rfe1 Qd5 19. Be3 g6 20. Qh4 Rae8 21. Bh6 Rf7 22. Rcd1 e4 23. Bc2 Qd6 24. Bb3 Bd5 25.
c4 Bb7 26. c5 bxc5 27. dxc5 Qxc5+ 28. Kh1 1-0

[Event "*** Titled Tuesday Blitz"]
[Site "Chess.com"]
[Date "2018.11.06"]
[Round "5"]
[White "nearestway"]
[Black "TigranLPetrosyan"]
[Result "1-0"]
[WhiteElo "2533"]
[BlackElo "2817"]
[TimeControl "180+2"]
[EndTime "14:05:35 PST"]
[Termination "nearestway won by resignation"]

1. Nf3 Nf6 2. c4 g6 3. Nc3 Bg7 4. e4 c5 5. d4 cxd4 6. Nxd4 d6 7.
Be2 Nc6 8. Be3 O-O 9. O-O Bd7 10. Nc2 Rc8 11. Rc1 Qa5 12. f4 Rfd8 13. Rb1 a6 14.
b4 Qc7 15. a4 e6 16. a5 Qb8 17. Bb6 Re8 18. Qd2 Re7 19. b5 axb5 20. cxb5 Na7 21. Rb3 Ree8 22. Ne3 Rxc3 23. Qxc3 Nxe4 24. Qb4 d5 25.
Bd4 Bf8 26. Qe1 Nc8 27. Rb2 Ncd6 28. a6 Bg7 29. Bxg7 Kxg7 30. Qb4 f6 31. Qd4 b6 32. Kh1 h5 33. Ra1 Qa7 34. Rc1 h4 35. Rbc2 Rc8 36. Rxc8 Nxc8 37. Bf3 Ned6 38. f5 gxf5 39. Qxh4 Qb8 40. Qg3+ Kf8 41. Nxf5 exf5 42. Bxd5 1-0

[Event "*** Titled Tuesday Blitz"]
[Site "Chess.com"]
[Date "2018.11.06"]
[Round "5"]
[White "VladimirBelous"]
[Black "eljanov"]
[Result "0-1"]
[WhiteElo "2738"]
[BlackElo "2819"]
[TimeControl "180+2"]
[EndTime "14:05:38 PST"]
[Termination "eljanov won by resignation"]

1. Nf3 d5 2. g3 Bg4 3. Bg2 c6 4.
O-O Nd7 5. d3 e6 6. Nbd2 Bd6 7. h3 Bh5 8. c4 Ne7 9. cxd5 cxd5 10.
b3 O-O 11. Bb2 Rc8 12. a3 e5 13. b4 f6 14. Nb3 Bf7 15. Nfd2 Nb6 16. Rc1 Na4 17.
Ba1 Qd7 18. Na5 b6 19. Nc6 Rxc6 20. Qxa4 Rfc8 21. Rxc6 Qxc6 22. Qxc6 Rxc6 23. Rd1 Rc2 24. Nb1 d4 25. Nd2 Nd5 26. Nc4 Bc7 27. Bf3 b5 28. Nd2 Nc3 29. Bxc3 dxc3 30. Ne4 Bb6 31. Kg2 Bb3 32. Rb1 Ba4 33. Nc5 Bxc5 34. bxc5 Kf7 35. c6 Ke7 36. c7 Kd7 37. Bc6+ Kxc7 38. Bxb5 Rb2 39. Rc1 Bxb5 40. Rxc3+ Kd7 0-1